Map: Rainfall LE

Players

Hupsaiya - Winner!

  • Race: Protoss Protoss
  • League: Grandmaster
  • Spawn Location: 11:00

RipNHammer

  • Race: Terran Terran
  • League: Master
  • Spawn Location: 5:00

VOD

Have the link to the VOD?

Description

Time

  • Played on: Sept. 6, 2026, 9:50 p.m.
  • Length: 11:58
Show
View Real Time Build Order
Export as new Build Order

Hupsaiya Protoss - Winner!

Build Orders: Phoenix Opening, Colossus Rush 

Get SALT Encoding   

  8  0:00  Probe (Chrono Boost)  
  9  0:13  Probe (Chrono Boost)  
  10  0:20  Probe (Chrono Boost)  
  11  0:28  Probe  
  11  0:32  Pylon  
  12  0:40  Probe  
  13  0:52  Probe  
  13  0:55  Gateway  
  14  1:04  Probe (Chrono Boost)  
  14  1:05  Assimilator  
  15  1:14  Probe (Chrono Boost)  
  16  1:19  Probe  
  17  1:31  Probe  
  18  1:42  Cybernetics Core  
  18  1:43  Probe  
  19  1:58  Nexus  
  19  2:05  Pylon  
  19  2:11  Probe  
  19  2:14  Assimilator  
  20  2:24  Sentry  
  20  2:25  Probe, Phoenix  
  20  2:27  Warp Gate  
  23  2:37  Probe  
  24  2:48  Stalker  
  25  2:53  Probe  
  26  3:05  Probe, Robotics Facility  
  27  3:11  Probe  
  28  3:17  Probe (Chrono Boost)  
  29  3:23  Probe (Chrono Boost)  
  30  3:27  Stalker  
  30  3:30  Probe (Chrono Boost)  
  34  3:35  Probe (Chrono Boost)  
  34  3:38  Probe (Chrono Boost)  
  34  3:40  Probe (Chrono Boost)  
  36  3:42  Pylon  
  36  3:43  Probe  
  37  3:49  Probe  
  38  3:56  Probe  
  38  3:57  Robotics Bay  
  38  4:01  Probe  
  38  4:02  Observer  
  41  4:05  Assimilator  
  41  4:08  Probe  
  42  4:12  Shield Battery  
  42  4:13  Probe  
  42  4:14  Stalker  
  45  4:18  Warp Prism (Chrono Boost)  
  45  4:20  Probe  
  48  4:25  Probe  
  48  4:29  Assimilator  
  49  4:32  Probe  
  50  4:43  Pylon  
  50  4:46  Pylon  
  50  4:47  Gravitic Drive (Chrono Boost)  
  50  4:54  Observer  
  50  4:55  Observer  
  50  4:56  Observer  
  50  4:57  Gateway  
  50  4:58  Observer  
  50  5:00  Observer  
  50  5:01  Colossus (Chrono Boost), Probe x2  
  50  5:02  Observer  
  50  5:05  Observer  
  58  5:13  Probe  
  59  5:15  Probe  
  60  5:25  Probe  
  60  5:27  Probe  
  62  5:30  Pylon  
  62  5:33  Stalker  
  64  5:37  Probe, Extended Thermal Lance (Chrono Boost)  
  64  5:39  Probe  
  64  5:40  Pylon  
  66  5:48  Colossus (Chrono Boost)  
  72  5:53  Probe  
  72  5:56  Probe  
  74  5:58  Forge  
  74  6:08  Probe  
  75  6:29  Probe, Stalker x2  
  80  6:35  Nexus  
  80  6:37  Pylon  
  80  6:42  Pylon  
  80  6:43  Pylon, Sentry  
  82  6:54  Colossus  
  82  6:55  Sentry  
  82  6:57  Twilight Council  
  82  6:58  Shield Battery  
  82  6:59  Protoss Ground Weapons Level 1 (Chrono Boost)  
  82  7:00  Sentry  
  92  7:02  Probe  
  92  7:06  Stalker  
  95  7:11  Stalker  
  95  7:13  Pylon  
  97  7:20  Stalker  
  99  7:23  Probe  
  99  7:25  Gateway  
  99  7:27  Gateway  
  100  7:45  Stalker x2  
  100  7:46  Probe  
  100  7:47  Probe  
  100  7:48  Blink (Chrono Boost), Probe  
  107  7:51  Colossus  
  107  7:58  Probe, Stalker  
  114  7:59  Stalker  
  114  8:00  Probe  
  119  8:12  Stalker  
  115  8:14  Stalker x2  
  115  8:16  Probe  
  120  8:21  Probe x2  
  120  8:23  Gateway  
  120  8:25  Gateway  
  122  8:27  Pylon x2  
  122  8:28  Probe  
  123  8:40  Gateway x2  
  123  8:41  Probe x2  
  125  8:45  Pylon  
  125  8:47  Pylon  
  125  8:49  Pylon  
  125  9:12  Probe  
  125  9:13  Nexus  
  125  9:15  Nexus  
  126  9:18  Stalker x5  
  126  9:19  Protoss Ground Weapons Level 2 (Chrono Boost)  
  136  9:27  Probe  
  131  9:44  Charge (Chrono Boost)  
  131  9:47  Zealot x8  
  131  9:51  Observer  
  145  10:03  Probe  
  145  10:06  Forge  
  146  10:10  Zealot x8  
  156  10:28  Probe x2  
  156  10:31  Photon Cannon, Assimilator  
  156  10:32  Assimilator  
  158  10:35  Photon Cannon  
  158  10:39  Zealot x8  
  174  10:46  Photon Cannon  
  174  10:48  Pylon  
  164  11:05  Probe x2  
  164  11:10  Zealot x8  
  182  11:14  Gateway x2  
  182  11:15  Gateway  
  182  11:16  Gateway, Probe  
  165  11:34  Zealot x8  
Show
View Real Time Build Order
Export as new Build Order

RipNHammer Terran 

Build Orders: Reaper Expand 

Get SALT Encoding   

  8  0:00  SCV  
  9  0:12  SCV  
  10  0:24  SCV  
  11  0:36  SCV  
  11  0:39  Supply Depot  
  12  0:49  SCV  
  13  1:01  SCV  
  13  1:02  Barracks  
  14  1:06  Refinery  
  14  1:13  SCV  
  15  1:25  SCV  
  16  1:37  SCV  
  17  1:49  Reaper  
  17  1:50  Orbital Command  
  18  2:04  Command Center  
  18  2:15  SCV  
  19  2:24  Barracks Reactor  
  19  2:28  SCV  
  19  2:29  Supply Depot  
  20  2:35  Barracks  
  20  2:40  SCV  
  21  2:52  SCV  
  21  2:53  Barracks  
  22  3:01  Bunker, Marine  
  22  3:05  Marine  
  24  3:07  SCV  
  25  3:20  Orbital Command  
  25  3:21  Marine  
  25  3:23  Barracks Tech Lab  
  25  3:27  SCV  
  27  3:31  Marine  
  28  3:39  SCV  
  28  3:40  Barracks Tech Lab  
  29  3:44  Stimpack  
  29  3:47  SCV  
  30  3:51  SCV  
  31  3:56  Marine  
  31  3:57  Marine  
  31  3:59  SCV  
  31  4:00  Combat Shield  
  34  4:03  SCV  
  34  4:04  Marine x2  
  37  4:10  Supply Depot  
  37  4:11  SCV  
  37  4:15  SCV  
  39  4:18  Supply Depot  
  39  4:20  Marine  
  39  4:22  Marine  
  39  4:23  SCV  
  42  4:31  SCV  
  42  4:32  Marauder x2  
  42  4:36  Engineering Bay  
  47  4:38  SCV  
  47  4:44  SCV, Marine x2  
  51  4:51  SCV, Supply Depot  
  52  4:53  Marauder  
  52  4:56  Marauder, SCV  
  57  5:02  Marine, Refinery  
  58  5:08  Missile Turret  
  58  5:12  Supply Depot, SCV  
  58  5:13  Marine  
  60  5:14  Marauder  
  60  5:15  Supply Depot  
  60  5:20  SCV  
  63  5:24  SCV  
  63  5:26  Command Center  
  64  5:30  Terran Infantry Weapons Level 1  
  64  5:32  SCV  
  65  5:36  Refinery, SCV  
  65  5:37  Refinery  
  66  5:44  SCV  
  66  5:46  Factory  
  66  5:48  SCV  
  66  5:49  Marine, Marauder  
  71  5:53  Marauder  
  71  5:56  Marine, SCV  
  74  6:00  Barracks  
  74  6:01  SCV  
  75  6:08  Marine, SCV  
  75  6:11  Marauder  
  79  6:13  SCV  
  77  6:19  Marine, Marauder  
  77  6:20  SCV  
  77  6:25  SCV  
  82  6:35  Marine x2  
  82  6:36  Starport, Factory Reactor, Marine  
  82  6:39  SCV  
  86  6:40  Marauder  
  85  6:51  Barracks Reactor  
  85  6:53  Marine  
  85  6:54  Marauder  
  88  6:55  Orbital Command  
  88  7:01  Missile Turret  
  88  7:02  Marauder  
  88  7:04  SCV  
  88  7:06  SCV  
  92  7:15  Marauder  
  94  7:27  Missile Turret  
  93  7:38  Medivac  
  93  7:39  Viking  
  93  7:40  SCV  
  93  7:44  Marine x2, Marauder, SCV  
  99  7:47  Factory Tech Lab  
  99  7:50  SCV  
  102  7:52  SCV  
  103  7:59  Supply Depot  
  103  8:01  Supply Depot  
  103  8:02  Marine, Marauder  
  106  8:10  Orbital Command  
  102  8:13  Medivac x2  
  102  8:14  SCV  
  107  8:20  Starport  
  107  8:23  Barracks  
  107  8:24  Siege Tank  
  110  8:28  SCV x2  
  112  8:40  SCV x2  
  112  8:41  SCV  
  115  8:44  Marauder x2, Missile Turret, Marine  
  115  8:46  Missile Turret  
  120  8:49  Supply Depot  
  120  8:50  Supply Depot  
  120  8:51  Terran Infantry Armor Level 1  
  120  8:52  SCV x2  
  120  8:54  Armory  
  118  9:04  Marine x2  
  118  9:06  Marauder  
  109  9:11  Medivac, Viking  
  109  9:14  Marine x3, Marauder  
  109  9:15  Siege Tank  
  118  9:22  Marine, Viking  
  121  9:27  Marauder  
  114  9:37  Marine x2, Marauder  
  118  9:40  Supply Depot  
  118  9:44  Viking x2  
  122  9:51  Marine x2, Marauder  
  122  9:52  SCV  
  124  9:54  Viking  
  121  10:01  Marine x2  
  121  10:02  Marauder  
  125  10:09  Marine  
  125  10:10  Marine  
  125  10:13  Marauder  
  127  10:14  Barracks Tech Lab  
  127  10:23  Marauder  
  127  10:26  Marine  
  128  10:28  Siege Tank  
  128  10:29  Medivac  
  128  10:34  Marauder  
  128  10:35  SCV  
  134  10:41  SCV  
  135  10:52  Supply Depot x2, Marauder  
  135  10:53  Marine  
  135  10:56  Marine x3, Marauder  
  135  11:04  Marauder, Medivac  
  121  11:10  Marine  
  121  11:11  Widow Mine  
  121  11:13  Marine  
  121  11:14  Orbital Command  
  124  11:21  Medivac  
  124  11:22  SCV x2  
  111  11:35  Marine x2, Marauder  
Tags
 
Add a new tag
Caveats
  • Supply blocks, unpowered buildings, or Contaminate may cause inaccurate times.
  • Supply counts are checked every 10 seconds.